 Dungeon Crawl Stone Soup version bcrawl-1.37.2 (webtiles) character file.

Game seed: 3217344558338614070

241141 Mehrunes the Arsonist (level 9, -7/57 HPs)
             Began as a Human Fire Elementalist on Nov 11, 2022.
             Mangled by a yak (11 damage)
             ... on level 7 of the Dungeon.
             The game lasted 00:12:05 (7464 turns).

Mehrunes the Arsonist (Human Fire Elementalist)     Turns: 7464, Time: 00:12:06

Health: -7/57      AC:  6    Str:  9    XL:     9   Next: 89%
Magic:  2/19       EV: 12    Int: 18    God:
Gold:   350        SH:  0    Dex: 14    Spells: 9/22 levels left

rFire    . . .     GDR:     26% q - +2 whip (freeze)
rCold    . . .     SeeInvis .   (no shield)
rNeg     . . .     Gourm    .   a - +0 robe
rPois    .         Faith    .   j - +0 helmet
rElec    .         Spirit   .   p - +1 cloak
rCorr    .         Reflect  .   (no gloves)
MR       .....                  m - +0 pair of boots
Stlth    ++........             (no amulet)
HPRegen  0.19/turn              (no ring)
MPRegen  0.16/turn              (no ring)

@: no status effects
A: no striking features
a: no special abilities


You were on level 7 of the Dungeon.
You were hungry.

You visited 1 branch of the dungeon, and saw 7 of its levels.

You collected 350 gold pieces.

Inventory:

Hand Weapons
 g - a +0 dagger
 q - a +2 whip of freezing (weapon)
 t - a +0 blowgun
Missiles
 d - 958 stones (quivered)
 u - 29 poisoned needles
Armour
 a - a +0 robe (worn)
 j - a +0 helmet (worn)
 m - a +0 pair of boots (worn)
 p - a +1 cloak (worn)
Jewellery
 n - an uncursed ring of protection from magic {unknown}
 s - a +4 ring of intelligence {unknown}
 y - an uncursed amulet of magic regeneration {unknown}
 A - a cursed ring of teleportation {unknown}
 C - an uncursed amulet of guardian spirit {unknown}
Wands
 c - a wand of flame (4)
Scrolls
 h - 2 scrolls of amnesia
 i - 10 scrolls of identify
 r - a scroll of immolation {unknown}
 x - a scroll of enchant armour {unknown}
 z - a scroll of fear {unknown}
 B - a scroll of teleportation
 D - 2 scrolls of remove curse {unknown}
Potions
 b - a potion of degeneration {unknown}
 f - 2 potions of curing {unknown}
 k - 2 potions of resistance {unknown}
 l - a potion of magic {unknown}
 o - a potion of brilliance {unknown}
 v - 2 potions of heal wounds {unknown}
 w - a potion of agility {unknown}
 E - a potion of lignification {unknown}
Comestibles
 e - 11 rations {!d}


   Skills:
 - Level 2.1 Dodging
 - Level 2.4 Stealth
 + Level 7.0 Spellcasting
 + Level 8.1 Conjurations
 + Level 8.7 Fire Magic


You had 9 spell levels left.
You knew the following spells:

 Your Spells              Type           Power        Failure   Level  Hunger
a - Flame Tongue          Conj/Fire      #####        1%          1    None
b - Conjure Flame         Conj/Fire      #####...     1%          3    None
c - Sticky Flame          Conj/Fire      #####...     3%          4    ####...
d - Fireball              Conj/Fire      #####.....   10%         5    #####..

Your spell library contained the following spells:

 Spells                   Type           Power        Failure   Level  Hunger
 Magic Dart               Conj           ####         1%          1    None
 Searing Ray              Conj           #####...     1%          2    None
 Iskenderun's Mystic Bla  Conj           #####...     1%          3    None
 Flaming Arrows           Chrm/Fire      ###.....     2%          2    None
 Inner Flame              Hex/Fire       N/A          5%          3    None
 Fulminant Prism          Conj/Hex       ###.......   21%         4    ####...
 Irradiate                Conj/Tmut      ###.......   50%         5    #####..


Dungeon Overview and Level Annotations

Branches:
Dungeon (7/12)
 Temple: D:4-7         Lair: D:7-9

Altars:
Makhleb
Nemelex Xobeh
Zin

Shops:
D:4 *   D:5 !


Message History

The yak burns!
The yak stops burning.
The yak gores you but does no damage.
Casting: Fireball (slightly dangerous; 10% risk of failure)
Confirm with . or Enter, or press ? or * to list all spells.
You don't have enough magic to cast that spell.
Unknown command.
You hit the yak. You freeze the yak.
The yak is almost dead.
The yak barely misses you. The yak gores you. The yak gores you.
The yak misses you. The yak gores you! The yak gores you!
* * * LOW HITPOINT WARNING * * *
The yak gores you!
* * * LOW HITPOINT WARNING * * *
The yak gores you.
* * * LOW HITPOINT WARNING * * *
The yak gores you but does no damage. The yak gores you.
* * * LOW HITPOINT WARNING * * *
The yak gores you!
You die...

#....[....# #........#
#.........# #........#
#.........# #........#
#.........# ##.......#
#.........##############
#.........#...##
#.........#....#
#.........#Y...#
#.........@YY..#
#......>..#....#
#.........#...##
####+##.........#...#
..........###.<.#####
..........# #...#
.......#### #####
.......# ...........


You could see 3 yaks.

Vanquished Creatures
  2 yaks (D:7)
  Menkaure (D:5)
  Duvessa (D:5)
  An orc warrior (D:6)
  2 ice beasts
  2 sky beasts (D:4)
  A black bear (D:6)
  A phantom (D:4)
  2 ogres
  A kobold brigand (D:5)
  2 bullfrogs (D:6)
  Blork the orc (D:4)
  A gnoll sergeant (D:6)
  Dowan (D:5)
  2 scorpions
  2 orc priests (D:6)
  2 bullfrog zombies (D:6)
  2 crimson imps
  A quasit (D:5)
  5 orc wizards (D:6)
  2 hounds
  A worker ant (D:5)
  2 iguanas
  A hound zombie (D:4)
  A worker ant zombie (D:6)
  A howler monkey zombie (D:4)
  Robin (D:2)
  3 gnolls (D:6)
  7 adders
  4 oozes
  4 adder skeletons
  5 worms
  4 dart slugs
  4 leopard geckos
  27 orcs
  5 bats
  3 giant cockroaches
  12 goblins
  7 hobgoblins
  13 jackals
  2 kobolds
  5 quokkas
  A frilled lizard (D:2)
  2 rats
150 creatures vanquished.

Notes
Turn   | Place    | Note
-------+----------+-------------------------------------------
     0 | D:1      | Mehrunes the Human Fire Elementalist began the quest for
                  | the Orb.
     0 | D:1      | Reached XP level 1. HP: 13/13 MP: 3/3
   582 | D:1      | Reached XP level 2. HP: 19/19 MP: 0/5
  1274 | D:2      | Reached XP level 3. HP: 24/24 MP: 4/6
  1386 | D:2      | Learned a level 3 spell: Conjure Flame
  1516 | D:2      | Noticed Robin
  1521 | D:2      | Killed Robin
  1522 | D:2      | Reached XP level 4. HP: 27/30 MP: 0/8
  2046 | D:2      | Reached XP level 5. HP: 24/35 MP: 1/9
  2200 | D:2      | Learned a level 4 spell: Sticky Flame
  2207 | D:3      | Noticed an ogre
  2218 | D:3      | Killed an ogre
  2219 | D:3      | Reached XP level 6. HP: 41/41 MP: 1/11
  2753 | D:3      | Found a faded altar of an unknown god.
  2808 | D:3      | Reached skill level 5 in Fire Magic
  3452 | D:4      | Found Eratache's Assorted Antiques.
  3452 | D:4      | Noticed Blork the orc
  3545 | D:4      | Killed Blork the orc
  3546 | D:4      | Reached XP level 7. HP: 39/46 MP: 2/13
  3788 | D:4      | Reached skill level 5 in Conjurations
  3841 | D:4      | Reached XP level 8. HP: 29/52 MP: 0/15
  3932 | D:4      | Learned a level 5 spell: Fireball
  4139 | D:5      | Entered Level 5 of the Dungeon
  4241 | D:5      | Found a sparkling altar of Nemelex Xobeh.
  4284 | D:5      | Reached skill level 5 in Spellcasting
  4389 | D:5      | Noticed Duvessa
  4390 | D:5      | Noticed Dowan
  4425 | D:5      | Killed Duvessa
  4664 | D:5      | Found a burning altar of Makhleb.
  4664 | D:5      | Found a glowing silver altar of Zin.
  4665 | D:5      | Noticed an angel
  4665 | D:5      | Noticed a green death
  4742 | D:5      | Found Vefurch's Distillery.
  4821 | D:5      | Killed Dowan
  4941 | D:5      | Noticed Menkaure
  4946 | D:5      | Killed Menkaure
  5646 | D:6      | Reached XP level 9. HP: 41/57 MP: 3/17
  7464 | D:7      | Mangled by a yak

Skill      XL: |  1  2  3  4  5  6  7  8  9 |
---------------+----------------------------+-----
Conjurations   | 2 3 4 5 6 8 |  8.1
Fire Magic     | 4 5 6 7 8 |  8.7
Spellcasting   | 3 4 5 7 |  7.0
Dodging        | |  2.1
Stealth        | |  2.4

Action                   |  1- 3 |  4- 6 |  7- 9 || total
-------------------------+-------+-------+-------++-------
Melee: Dagger            |       |    34 |       ||    34
       Whip              |       |    15 |    29 ||    44
 Fire: Blowgun           |       |       |     4 ||     4
Throw: Stone             |       |     9 |       ||     9
 Cast: Flame Tongue      |    52 |   132 |   207 ||   391
       Conjure Flame     |       |     1 |     7 ||     8
       Sticky Flame      |       |     1 |    15 ||    16
       Fireball          |       |       |     2 ||     2
  Use: Scroll            |       |       |     2 ||     2
  Eat: Chunk             |     3 |     5 |    20 ||    28
       Ration            |       |     1 |       ||     1
Armor: Robe              |     1 |    36 |    54 ||    91
Dodge: Dodged            |    11 |    76 |    78 ||   165
